Map: Chantier naval orbital

Players

HeroMarine

  • Race: Terran Terran
  • League: Grandmaster

Imotep - Winner!

  • Race: Protoss Protoss
  • League: Master

VOD

Have the link to the VOD?

Description

Time

  • Played on: Dec. 26, 2015, 10:42 a.m.
  • Length: 13:42
Show
View Real Time Build Order
Export as new Build Order

HeroMarine Terran 

Build Orders: Reaper Expand, MMM Bio 

Get SALT Encoding   

  12  0:01  SCV  
  13  0:13  SCV  
  14  0:17  Supply Depot  
  14  0:25  SCV  
  15  0:39  SCV  
  15  0:40  Barracks  
  16  0:44  Refinery  
  16  0:51  SCV  
  17  1:03  SCV  
  18  1:15  SCV  
  19  1:28  Reaper, Orbital Command  
  20  1:41  Command Center  
  20  1:51  Supply Depot  
  20  1:53  SCV  
  21  2:00  Barracks Reactor  
  21  2:06  SCV  
  22  2:17  Bunker  
  22  2:18  SCV  
  23  2:27  Factory  
  23  2:30  SCV  
  23  2:36  Marine x2  
  26  2:43  SCV  
  26  2:53  Marine, Orbital Command  
  26  2:54  Marine  
  26  2:55  SCV  
  29  3:07  SCV  
  29  3:10  Widow Mine  
  29  3:11  Marine x2  
  34  3:19  SCV  
  35  3:21  SCV  
  35  3:22  Command Center  
  36  3:29  Marine x2  
  36  3:32  SCV  
  36  3:33  SCV  
  40  3:36  Supply Depot  
  40  3:39  Factory Tech Lab  
  40  3:44  SCV  
  40  3:45  SCV  
  40  3:47  Marine x2  
  44  3:56  SCV  
  44  3:57  SCV  
  44  4:01  Cyclone  
  49  4:08  SCV, Barracks  
  49  4:09  SCV, Marine  
  51  4:10  Barracks  
  51  4:16  Refinery x2  
  53  4:18  Supply Depot  
  53  4:20  SCV  
  53  4:22  SCV  
  54  4:33  SCV  
  54  4:34  SCV  
  54  4:35  Engineering Bay  
  54  4:37  Orbital Command  
  56  4:38  Engineering Bay  
  56  4:45  SCV  
  56  4:46  SCV, Marine, Factory Tech Lab  
  56  4:48  Marine  
  60  4:57  SCV  
  60  4:58  SCV  
  62  5:03  Terran Infantry Weapons Level 1  
  62  5:05  Terran Infantry Armor Level 1, Stimpack  
  61  5:09  Marine x3  
  61  5:10  SCV x2  
  66  5:15  SCV  
  66  5:18  Combat Shields  
  67  5:22  SCV x2  
  67  5:24  Supply Depot  
  67  5:25  Supply Depot, Marine  
  67  5:26  Orbital Command  
  70  5:28  Marine x2  
  70  5:29  Marine  
  70  5:35  SCV  
  74  5:38  SCV  
  74  5:40  Refinery, Factory Reactor  
  74  5:42  Starport  
  75  5:47  SCV  
  76  5:50  SCV, Barracks x2  
  76  5:52  SCV  
  76  5:54  Marine x3  
  76  5:55  Marine  
  82  5:59  SCV  
  82  6:02  SCV  
  84  6:04  SCV, Missile Turret  
  84  6:05  Missile Turret  
  85  6:11  SCV  
  85  6:12  Marine x3  
  85  6:14  SCV  
  85  6:16  Liberator x2  
  85  6:17  SCV  
  91  6:23  SCV  
  93  6:26  Refinery  
  93  6:28  Refinery  
  93  6:32  Supply Depot  
  93  6:33  Supply Depot, Marine  
  93  6:34  SCV, Marine  
  101  6:43  Supply Depot  
  101  6:45  Supply Depot  
  101  6:47  Barracks Reactor, Barracks Tech Lab, Concussive Shells  
  101  6:52  Missile Turret  
  101  6:54  SCV x3, Missile Turret, Marauder x2  
  108  6:56  Marine x2  
  108  7:00  Missile Turret  
  107  7:06  SCV x2  
  107  7:07  SCV, Marauder  
  112  7:15  Marauder x2  
  116  7:16  Medivac x2  
  116  7:18  Supply Depot, Marine x2  
  116  7:19  Supply Depot  
  122  7:25  Supply Depot  
  122  7:26  Armory, Supply Depot  
  122  7:28  Factory Reactor  
  122  7:29  Marine  
  122  7:30  Marine  
  122  7:31  Marauder  
  122  7:32  Starport  
  126  7:41  Missile Turret  
  126  7:45  Marauder x2  
  126  7:46  Medivac x2  
  126  7:47  Marine x2  
  126  7:50  Marine x2  
  138  7:52  Marauder  
  140  8:05  Marine x2  
  142  8:06  Barracks x3, Marine  
  143  8:16  Medivac x2  
  144  8:20  Terran Infantry Weapons Level 2, Terran Infantry Armor Level 2  
  144  8:21  Missile Turret, Terran Ship Weapons Level 1  
  142  8:32  Marauder x2  
  142  8:33  Liberator x2, Marine x2  
  142  8:34  Liberator x2  
  148  8:37  Supply Depot  
  148  8:41  Supply Depot, Missile Turret x2  
  160  8:56  Barracks Reactor, Barracks Tech Lab x2  
  160  9:01  Marauder x2  
  164  9:03  Marine x3  
  164  9:16  Supply Depot, Liberator  
  164  9:17  Command Center  
  164  9:19  Supply Depot  
  164  9:20  Liberator  
  162  9:25  Marauder x2, Marine x3  
  162  9:26  Marauder x3, Marine  
  176  9:47  Marauder x3  
  182  9:53  Medivac x2  
  182  9:57  Marine  
  182  9:58  Marauder, Marine  
  182  9:59  Liberator  
  190  10:00  Marine x2  
  190  10:01  Ghost Academy, Marine x2  
  197  10:22  Terran Ship Weapons Level 2  
  200  10:28  Marauder x2  
  200  10:29  Liberator  
  196  10:40  Marine, Marauder x2  
  196  10:41  Marine x2  
  190  10:42  Marauder  
  190  10:44  Marine x2  
  180  10:50  Marauder x2  
  180  10:54  Terran Infantry Weapons Level 3, Marine  
  156  10:58  Marine x2  
  156  10:59  Marine  
  156  11:01  Marauder  
  156  11:03  Marauder  
  146  11:05  Marauder  
  146  11:08  Marine x2  
  146  11:09  Medivac x2  
  146  11:11  Marauder, Marine  
  140  11:12  Marine  
  140  11:16  Marine x3  
  144  11:22  Marine  
  144  11:23  Marine  
  146  11:26  Marine x2  
  146  11:27  Marauder  
  146  11:29  Marauder  
  146  11:30  Marine  
  146  11:32  Marine  
  154  11:34  Marine x2  
  156  11:41  Marauder  
  156  11:44  Marine x3, Marauder  
  162  11:48  Marauder, Marine  
  162  11:50  Marauder, Marine  
  162  11:51  Marine  
  162  11:57  Marine  
  162  11:59  Orbital Command  
  163  12:02  Marauder, Marine x2  
  163  12:05  Medivac x3, Missile Turret, Marauder  
  163  12:06  Missile Turret, Medivac  
  179  12:08  Marauder  
  179  12:14  Marauder  
  179  12:15  Marauder  
  183  12:19  Bunker  
  183  12:23  Marauder  
  183  12:24  Liberator  
  185  12:38  Command Center  
  185  12:44  Marine  
  188  12:45  Refinery  
  188  12:46  Refinery x2  
  188  12:47  Missile Turret  
  188  12:49  Marine  
  188  12:51  Marine x2  
  165  12:52  Marauder, Marine x2  
  165  12:58  Marine x4  
  147  13:01  Marine  
  148  13:07  Marine  
  148  13:08  Marine x2  
  148  13:09  Marine  
  148  13:10  Marine  
  141  13:13  Marine  
  141  13:15  Marine  
  141  13:16  Marine x2  
  141  13:18  Marine  
  141  13:19  Marine  
Show
View Real Time Build Order
Export as new Build Order

Imotep Protoss - Winner!

Build Orders: 1 Gate Expand 

Get SALT Encoding   

  12  0:01  Probe (Chrono Boost)  
  13  0:11  Probe (Chrono Boost)  
  14  0:16  Pylon  
  14  0:22  Probe (Chrono Boost)  
  15  0:35  Probe (Chrono Boost)  
  16  0:36  Gateway  
  16  0:45  Probe (Chrono Boost)  
  17  0:56  Probe (Chrono Boost)  
  18  1:10  Nexus  
  18  1:13  Probe (Chrono Boost)  
  18  1:17  Assimilator  
  19  1:23  Probe (Chrono Boost)  
  20  1:25  Assimilator  
  20  1:34  Probe (Chrono Boost)  
  20  1:38  Cybernetics Core  
  21  1:44  Probe (Chrono Boost)  
  22  1:48  Pylon  
  22  1:55  Probe (Chrono Boost)  
  23  2:06  Probe (Chrono Boost)  
  24  2:14  Adept (Chrono Boost)  
  26  2:16  Warp Gate  
  26  2:17  Probe  
  26  2:20  Probe  
  28  2:29  Probe  
  29  2:31  Probe  
  29  2:38  Adept (Chrono Boost)  
  29  2:41  Probe  
  29  2:43  Probe  
  33  2:53  Probe (Chrono Boost)  
  33  2:57  Probe (Chrono Boost)  
  35  3:03  Nexus  
  35  3:05  Probe (Chrono Boost)  
  36  3:08  Probe (Chrono Boost)  
  37  3:15  Sentry  
  37  3:16  Probe (Chrono Boost)  
  37  3:18  Probe (Chrono Boost)  
  41  3:25  Pylon  
  42  3:28  Mothership Core (Chrono Boost)  
  42  3:29  Probe (Chrono Boost)  
  44  3:39  Probe (Chrono Boost)  
  45  3:43  Assimilator  
  45  3:44  Sentry, Assimilator  
  45  3:46  Probe (Chrono Boost)  
  48  3:50  Probe (Chrono Boost)  
  48  3:51  Pylon  
  48  3:54  Pylon  
  49  3:57  Probe (Chrono Boost)  
  49  3:59  Robotics Facility  
  49  4:00  Probe (Chrono Boost)  
  51  4:08  Probe (Chrono Boost)  
  52  4:11  Probe (Chrono Boost), Gateway  
  52  4:14  Gateway  
  54  4:17  Probe (Chrono Boost)  
  54  4:18  Probe (Chrono Boost)  
  54  4:21  Probe (Chrono Boost)  
  56  4:27  Adept  
  56  4:28  Probe (Chrono Boost)  
  56  4:29  Probe (Chrono Boost)  
  60  4:32  Probe (Chrono Boost)  
  60  4:38  Probe (Chrono Boost), Pylon  
  62  4:44  Probe x2 (Chrono Boost)  
  64  4:46  Observer  
  64  4:49  Probe (Chrono Boost)  
  66  4:54  Probe (Chrono Boost)  
  66  4:58  Probe (Chrono Boost)  
  66  4:59  Probe (Chrono Boost)  
  69  5:05  Probe (Chrono Boost)  
  70  5:07  Forge x2  
  70  5:10  Probe (Chrono Boost), Twilight Council  
  70  5:12  Observer  
  72  5:14  Nexus  
  72  5:17  Pylon  
  72  5:20  Probe (Chrono Boost)  
  74  5:21  Probe x2 (Chrono Boost)  
  74  5:25  Pylon  
  75  5:28  Pylon  
  75  5:30  Protoss Ground Weapons Level 1 (Chrono Boost)  
  75  5:31  Probe (Chrono Boost)  
  75  5:33  Protoss Ground Armor Level 1 (Chrono Boost)  
  75  5:34  Observer  
  75  5:35  Adept x2  
  79  5:36  Adept  
  79  5:38  Probe x2 (Chrono Boost)  
  79  5:41  Probe (Chrono Boost)  
  86  5:48  Probe (Chrono Boost)  
  86  5:49  Blink (Chrono Boost)  
  87  5:51  Probe  
  87  5:55  Probe, Observer  
  90  5:59  Pylon  
  90  6:00  Pylon  
  90  6:01  Stalker  
  90  6:03  Probe  
  90  6:04  Stalker  
  95  6:05  Stalker  
  95  6:07  Probe x2  
  98  6:16  Observer  
  89  6:24  Probe x2  
  89  6:25  Stalker  
  93  6:27  Stalker  
  93  6:29  Stalker  
  97  6:37  Probe x3  
  97  6:38  Observer  
  101  6:40  Assimilator  
  101  6:41  Gateway  
  101  6:43  Gateway  
  101  6:44  Assimilator  
  101  6:50  Probe x2 (Chrono Boost), Adept x2  
  101  6:53  Adept  
  109  6:55  Probe (Chrono Boost)  
  109  6:59  Immortal  
  110  7:04  Probe (Chrono Boost)  
  110  7:07  Pylon  
  115  7:14  Probe  
  115  7:17  Protoss Ground Armor Level 2 (Chrono Boost), Protoss Ground Weapons Level 2 (Chrono Boost)  
  116  7:24  Adept x3  
  116  7:25  Probe  
  123  7:33  Gateway  
  123  7:34  Gateway  
  123  7:36  Gateway, Photon Cannon  
  123  7:38  Gateway  
  123  7:40  Resonating Glaives (Chrono Boost)  
  123  7:41  Pylon  
  123  7:47  Pylon  
  123  7:51  Immortal, Nexus  
  123  7:55  Adept x3  
  133  8:05  Stalker x2  
  135  8:29  Warp Prism  
  135  8:30  Stalker x5  
  143  8:37  Templar Archives  
  143  8:48  Stalker x4  
  146  9:01  Probe  
  143  9:06  Observer  
  144  9:12  Probe  
  144  9:13  Stalker x3  
  144  9:14  Stalker  
  153  9:22  Probe  
  153  9:30  Adept x3  
  153  9:31  Adept x2  
  158  9:41  Probe x2  
  158  9:48  Pylon  
  158  9:50  Pylon  
  158  9:52  Pylon  
  158  9:54  Pylon  
  158  9:56  Protoss Ground Weapons Level 3, Protoss Ground Armor Level 3  
  158  10:05  Nexus  
  158  10:06  Probe x3, Pylon  
  161  10:08  Pylon  
  161  10:09  Pylon  
  161  10:10  Pylon x2  
  161  10:18  Probe x3, High Templar x5  
  161  10:19  High Templar  
  161  10:20  Adept x3  
  182  10:22  Archon  
  182  10:23  Archon x2  
  145  10:58  Adept x7  
  145  10:59  Adept  
  157  11:09  Adept  
  153  11:18  Charge (Chrono Boost)  
  153  11:28  Stalker x2  
  153  11:29  Stalker x4  
  165  11:40  Adept x2  
  165  11:44  Adept  
  171  11:53  Immortal  
  171  12:00  Probe x2  
  165  12:03  Assimilator  
  165  12:06  Gateway  
  165  12:09  Assimilator  
  165  12:10  Gateway x2, Robotics Bay, Robotics Facility  
  165  12:11  Gateway  
  165  12:19  Pylon, High Templar x2  
  165  12:20  High Templar x2  
  165  12:21  Pylon  
  171  12:24  Archon  
  171  12:25  Archon  
  169  12:33  Adept x3  
  169  12:34  Adept x2  
  169  12:36  Immortal (Chrono Boost)  
  159  13:00  Adept x3  
  159  13:01  Adept x4  
  151  13:21  Stalker x5  
  151  13:22  Stalker x5  
Tags
 
Add a new tag
Caveats
  • Supply blocks, unpowered buildings, or Contaminate may cause inaccurate times.
  • Supply counts are checked every 10 seconds.